Map: Tropical Sacrifice

Players

Obvi - Winner!

  • Race: Zerg Zerg
  • League: Diamond
  • Spawn Location: 7:00

VOD

Have the link to the VOD?

Description

85 drones at 7:30, max at 9:30

Time

  • Played on: Oct. 17, 2022, 1:04 p.m.
  • Length: 15:18
Show
View Real Time Build Order
Export as new Build Order

Obvi Zerg - Winner!

Build Orders:  

Get SALT Encoding   

  12  0:00  Drone  
  13  0:18  Overlord  
  13  0:25  Drone  
  14  0:43  Drone x2  
  14  0:49  Drone  
  17  1:14  Hatchery  
  17  1:18  Drone  
  17  1:23  Drone  
  18  1:38  Extractor  
  17  1:46  Spawning Pool  
  17  1:48  Drone  
  17  1:53  Drone  
  18  2:03  Drone  
  19  2:19  Overlord  
  19  2:33  Drone  
  20  2:51  Queen  
  20  2:54  Zergling x2  
  20  2:56  Queen  
  20  2:57  Zergling x2  
  28  3:20  Drone  
  27  3:30  Drone  
  27  3:34  Drone  
  29  3:40  Drone  
  29  3:44  Hatchery  
  29  3:51  Drone  
  29  3:55  Overlord  
  29  3:59  Metabolic Boost  
  30  4:04  Drone  
  30  4:09  Queen  
  33  4:13  Drone  
  33  4:19  Drone  
  35  4:25  Drone  
  36  4:35  Drone  
  36  4:36  Drone x3  
  36  4:39  Drone x2  
  42  4:46  Drone  
  42  4:48  Overlord  
  43  4:58  Drone  
  44  5:01  Overlord  
  44  5:16  Zergling x2  
  44  5:17  Zergling x10  
  50  5:22  Overlord  
  50  5:26  Overlord  
  50  5:40  Baneling Nest  
  50  5:46  Drone  
  50  5:48  Evolution Chamber  
  50  5:49  Lair  
  49  5:52  Drone x5  
  49  5:54  Drone  
  55  6:02  Drone x3  
  58  6:14  Drone x3  
  61  6:20  Drone  
  61  6:28  Hatchery  
  61  6:36  Zerg Melee Weapons Level 1  
  61  6:38  Drone  
  61  6:39  Drone x4  
  66  6:41  Drone  
  66  6:48  Drone x2  
  66  6:49  Drone  
  70  6:51  Drone  
  70  6:55  Extractor  
  70  6:56  Extractor  
  70  6:59  Extractor x2  
  67  7:00  Drone x2  
  67  7:05  Drone, Extractor  
  67  7:09  Drone x3  
  72  7:12  Drone  
  72  7:14  Drone  
  74  7:24  Queen x2  
  78  7:32  Drone  
  78  7:33  Drone  
  78  7:35  Drone x2  
  82  7:40  Overlord x4  
  82  7:46  Centrifugal Hooks  
  82  8:07  Drone x2  
  84  8:10  Zergling x2  
  84  8:11  Zergling x12  
  84  8:17  Baneling x5  
  91  8:21  Queen  
  91  8:24  Overseer  
  93  8:30  Drone x4  
  93  8:31  Drone x2  
  93  8:36  Hydralisk Den  
  98  8:41  Hatchery  
  97  8:51  Drone  
  97  8:52  Drone x2  
  97  8:56  Evolution Chamber  
  97  8:57  Drone x6  
  97  8:59  Drone  
  106  9:02  Zergling x8  
  106  9:03  Zergling x2  
  111  9:32  Infestation Pit, Lurker Den  
  111  9:33  Spire  
  108  9:40  Zergling x2  
  108  9:41  Zergling x18  
  117  9:50  Queen  
  117  9:59  Overlord x4  
  119  10:00  Overlord x2  
  119  10:36  Drone x5  
  119  10:37  Drone x10  
  134  10:42  Extractor x2  
  132  10:51  Zergling x14  
  132  10:53  Zerg Missile Weapons Level 1  
  132  10:54  Zerg Melee Weapons Level 2  
  132  10:58  Zergling x2  
  132  10:59  Zergling x4  
  142  11:02  Unknown  
  142  11:05  Hydralisk x3  
  148  11:15  Hatchery  
  147  11:29  Baneling x2  
  70  11:30  Baneling x4  
  147  11:31  Zergling x2  
  147  11:32  Zergling x24  
  147  11:37  Baneling x9  
  147  11:38  Baneling  
  160  11:41  Overlord x2, Hive  
  160  11:42  Overlord  
  160  11:43  Zergling x8  
  160  11:44  Zergling x2  
  165  11:55  Spore Crawler  
  165  11:57  Spine Crawler, Overlord x2  
  163  12:00  Spine Crawler  
  163  12:03  Overlord  
  163  12:05  Spore Crawler  
  163  12:06  Spine Crawler  
  163  12:08  Drone  
  163  12:09  Spine Crawler  
  160  12:10  Drone  
  160  12:12  Drone  
  162  12:35  Zergling x14  
  162  12:36  Hydralisk, Spore Crawler  
  162  12:37  Hydralisk x3  
  162  12:38  Spine Crawler  
  175  12:42  Hydralisk x2  
  175  12:47  Unknown  
  179  12:53  Zergling x18  
  179  12:55  Zergling x2  
  189  13:11  Zergling x14  
  189  13:12  Zergling x6  
  199  13:37  Ultralisk Cavern  
  197  14:09  Drone x3  
  200  14:28  Spine Crawler, Spore Crawler  
  198  14:30  Spine Crawler  
  195  14:56  Unknown  
Tags
 
Add a new tag
Caveats
  • Supply blocks, unpowered buildings, or Contaminate may cause inaccurate times.
  • Supply counts are checked every 10 seconds.